 Dungeon Crawl Stone Soup version 0.31-a0-198-g2ad674f65e (webtiles) character file.

Game seed: 8753329407152534078

3285 qw the Markself (level 9, -2/52 HPs)
             Began as a Deep Elf Hunter on June 25, 2023.
             Was a Follower of Okawaru.
             Slain by a killer bee (6 damage)
             ... on level 8 of the Dungeon.
             The game lasted 00:02:21 (6134 turns).

qw the Markself (Deep Elf Hunter)                   Turns: 6134, Time: 00:02:21

Health: -2/52      AC: 11    Str: 12    XL:     9   Next: 69%
Magic:  13/14      EV: 17    Int: 15    God:    Okawaru [*.....]
Gold:   317        SH:  0    Dex: 21    Spells: 8/8 levels left

rFire   . . .        i - +3 longbow of Guile {flame, rPois Will- Dex+3}
rCold   . . .        (shield currently unavailable)
rNeg    . . .        f - +0 swamp dragon scales
rPois   +            (no helmet)
rElec   .            e - +0 cloak
rCorr   .            h - +0 pair of gloves
SInv    .            (no boots)
Will    .....        d - amulet of the acrobat
Stlth   +++          (no ring)
HPRegen 0.28/turn    (no ring)
MPRegen 0.14/turn

%: acrobat
@: lethally poisoned (-2 -> -7), heroic
A: no striking features
a: Renounce Religion, Heroism


You were on level 8 of the Dungeon.
You worshipped Okawaru.
Okawaru was aware of your devotion.
You visited 2 branches of the dungeon, and saw 9 of its levels.

You collected 345 gold pieces.
You spent 28 gold pieces at shops.


   Skills:
 + Level 3.6(8.6) Fighting
 - Level 15.1(20.1) Ranged Weapons
 - Level 2.1(7.1) Armour
 - Level 6.1(11.1) Dodging
 - Level 1.2(6.2) Stealth
 - Level 4.3 Invocations


You had 8 spell levels left.
You didn't know any spells.
Your spell library was empty.

Inventory:

Hand Weapons
 i - the +3 longbow of Guile (weapon) {flame, rPois Will- Dex+3}
   (You acquired it on level 3 of the Dungeon)

   Dex:       It affects your dexterity (+3).
   rPois:     It protects you from poison.
   Will:      It decreases your willpower.
Armour
 e - a +0 cloak (worn)
 f - +0 swamp dragon scales (worn)
 h - a +0 pair of gloves (worn)
Jewellery
 d - an amulet of the acrobat (around neck)
Scrolls
 c - a scroll of identify
Potions
 a - a potion of might
 g - a potion of enlightenment {unknown}
 o - a potion of brilliance {unknown}

Dungeon Overview and Level Annotations

Branches:
Dungeon (8/15)             Temple (1/1) D:6
   Lair: D:8-11

Altars:
Dithmenos
Elyvilon
Fedhas
Hepliaklqana
Makhleb
Okawaru
Qazlal
Ru
Sif Muna
Trog
Uskayaw
Wu Jian
Xom
Yredelemnul
Zin
The Shining One

Shops:
D:3 *   D:6 (

Annotations:
D:3 2 runed translucent doors, qw's ghost, amateur DEHu


Message History

The killer bee misses you. x4; The killer bee barely misses you.
You shoot an arrow. The arrow hits the killer bee!
The arrow burns the killer bee.
You kill the killer bee!
Okawaru accepts your kill.
You feel sick. The killer bee misses you. The killer bee barely misses you.
The killer bee stings you but does no damage.
The killer bee stings you!
The killer bee stings you but does no damage.
The killer bee closely misses you. The killer bee stings you.
The killer bee completely misses you.
6131 ||| DRINKING potion of heal wounds.
You feel much better.
You feel sick.
The killer bee stings you but does no damage.
The killer bee barely misses you. The killer bee closely misses you.
The killer bee completely misses you. x2; The killer bee stings you.
You are more poisoned.
The killer bee poisons you! The killer bee misses you.
The killer bee stings you.
You shoot an arrow. The arrow misses the killer bee.
You feel sick. The killer bee stings you.
The killer bee stings you but does no damage.
The killer bee stings you.
The killer bee stings you but does no damage.
You shoot an arrow. The arrow hits the killer bee!!
The arrow burns the killer bee!
You kill the killer bee!
Okawaru accepts your kill.
You feel sick.
The killer bee stings you but does no damage.
The killer bee closely misses you. The killer bee stings you.
The killer bee completely misses you. The killer bee misses you.
The killer bee closely misses you.
You shoot an arrow. The arrow hits the killer bee!!
The arrow burns the killer bee.
You kill the killer bee!
Okawaru accepts your kill.
You feel sick. The killer bee stings you. x2
You die...

##. ... #.....
.. #..... ..###
## #.^..##.....
... #..#.#....#
....#....#...
......yy%#.#
#%@...# ##...##
## ##...# .#
##..####.###
####...#.....#
#....#.#.....#
#............#
#....##......#
#######......##


You could see 2 killer bees.

Vanquished Creatures
  Maggie (D:7)
  Duvessa (D:5)
  2 ice beasts (D:7)
  3 black bears (D:6)
  3 sky beasts
  3 ogres
  A centaur (D:8)
  2 phantoms
  4 bullfrogs
  A kobold brigand (D:7)
  4 scorpions
  4 wights (D:6)
  4 killer bees (D:8)
  Dowan (D:5)
  A howler monkey (D:4)
  A jelly (D:5)
  2 hounds
  3 orc priests
  A gnoll bouda (D:7)
  3 iguanas
  A sleepcap (D:5)
  3 orc wizards
  10 gnolls
  8 adders
  A shadow imp (D:4)
  2 white imps (D:6)
  2 ufetubi
  3 worms
  3 dart slugs
  11 orcs
  5 endoplasms
  A giant cockroach (D:1)
  6 goblins
  9 hobgoblins
  8 jackals (D:3)
  13 kobolds
  2 quokkas (D:1)
  9 ball pythons
  4 bats
  3 frilled lizards
  9 rats
158 creatures vanquished.

Vanquished Creatures (others)
  An orc wizard (D:5)
1 creature vanquished.

Grand Total: 159 creatures vanquished

Notes
Turn   | Place    | Note
-------+----------+-------------------------------------------
     0 | D:1      | qw the Deep Elf Hunter began the quest for the Orb.
     0 | D:1      | Reached XP level 1. HP: 12/12 MP: 3/3
     0 | D:1      | 0 ||| qw: Version: 0.3-a-22-g0ed2b0b
     0 | D:1      | 0 ||| qw: Game counter: 5401
     0 | D:1      | 0 ||| qw: Melee chars always use a shield: true
     0 | D:1      | 0 ||| qw: God list: Okawaru
     0 | D:1      | 0 ||| qw: Allow faded altars: false
     0 | D:1      | 0 ||| qw: Do Orc after clearing Dungeon:15 true
     0 | D:1      | 0 ||| qw: Do second Lair branch before Depths: true
     0 | D:1      | 0 ||| qw: Lair rune preference: random
     0 | D:1      | 0 ||| qw: Goals: Normal
     0 | D:1      | 0 ||| PLANNING D:1-11
    26 | D:1      | 26 ||| FLEEEEING.
   115 | D:1      | Reached XP level 2. HP: 16/16 MP: 4/4
   122 | D:1      | Reached skill level 6 in Ranged Weapons
   521 | D:1      | Reached XP level 3. HP: 20/20 MP: 5/5
   545 | D:1      | Found a faded altar of an unknown god.
   619 | D:1      | 619 ||| UPGRADING to amulet of guardian spirit.
   624 | D:1      | 624 ||| READING scroll labelled MYUNWITIOL.
   625 | D:1      | 625 ||| READING scroll labelled CEGOXZU YVIS.
   626 | D:1      | 626 ||| READING scroll labelled MUEDIOFUEM.
   627 | D:1      | 627 ||| DROPPING scroll of butterflies.
   990 | D:2      | Reached skill level 7 in Ranged Weapons
  1315 | D:2      | 1315 ||| UPGRADING to +0 ring mail.
  1325 | D:2      | 1325 ||| DROPPING +0 leather armour.
  1326 | D:2      | 1326 ||| UPGRADING to +0 pair of gloves.
  1331 | D:2      | 1331 ||| READING scroll labelled SOECUH MOOMA.
  1332 | D:2      | 1332 ||| READING scroll labelled LOETSE GEKHLE.
  1333 | D:2      | 1333 ||| READING scroll labelled DEWATI JERR.
  1464 | D:3      | Reached XP level 4. HP: 25/25 MP: 6/6
  1464 | D:3      | Found Canwon's General Store.
  1473 | D:3      | 1473 ||| SHOPLISTING potion of haste (140 gold, have 51).
  1473 | D:3      | 1473 ||| BUYING scroll of identify (28 gold).
  1473 | D:3      | Bought a scroll of identify for 28 gold pieces
  1514 | D:3      | Noticed an ogre
  1518 | D:3      | Killed an ogre
  1519 | D:3      | Reached skill level 8 in Ranged Weapons
  1519 | D:3      | Reached XP level 5. HP: 29/29 MP: 7/7
  1742 | D:3      | Found a runed translucent door.
  1747 | D:3      | Noticed qw's ghost (amateur DEHu)
  1846 | D:3      | Reached skill level 9 in Ranged Weapons
  1857 | D:3      | Found a runed translucent door.
  2156 | D:3      | Found a glowing silver altar of Zin.
  2159 | D:3      | Found a hazy altar of Hepliaklqana.
  2159 | D:3      | Found a blossoming altar of Fedhas.
  2160 | D:3      | Found a stormy altar of Qazlal.
  2369 | D:3      | 2369 ||| UPGRADING to +0 cloak.
  2374 | D:3      | 2374 ||| READING scroll labelled FIKHLE HOAN.
  2429 | D:3      | 2429 ||| READING scroll labelled ATYDDI PIUDEM.
  2429 | D:3      | Identified a scroll of acquirement
  2429 | D:3      | 2429 ||| ACQUIRING +3 longbow of Guile {flame, rPois Will-
                  | Dex+3}
  2429 | D:3      | Acquired the +3 longbow of Guile {flame, rPois Will- Dex+3}
  2431 | D:3      | 2431 ||| SWAPPING to +3 longbow of Guile {flame, rPois
                  | Will- Dex+3}.
  2432 | D:3      | 2432 ||| DROPPING +1 shortbow of electrocution.
  2433 | D:3      | 2433 ||| DRINKING 2 fuming amethyst potions.
  2434 | D:3      | 2434 ||| READING 2 scrolls of identify.
  2434 | D:3      | 2434 ||| IDENTIFYING fuming red potion
  2493 | D:4      | Reached skill level 3 in Dodging
  2493 | D:4      | Reached XP level 6. HP: 35/35 MP: 8/8
  2591 | D:4      | Reached skill level 1 in Armour
  2639 | D:4      | Found a shimmering blue altar of Sif Muna.
  3024 | D:4      | Reached skill level 10 in Ranged Weapons
  3024 | D:4      | Reached XP level 7. HP: 40/40 MP: 9/9
  3084 | D:4      | 3084 ||| READING scroll labelled DOTESHR HAEM.
  3085 | D:4      | 3085 ||| READING scroll labelled KADAIQ INTO.
  3086 | D:4      | 3086 ||| READING 2 scrolls of identify.
  3086 | D:4      | 3086 ||| IDENTIFYING brown potion
  3112 | D:5      | Entered Level 5 of the Dungeon
  3113 | D:5      | 3113 ||| PLANNING OSSUARY
  3193 | D:5      | 3193 ||| DRINKING potion of curing.
  3193 | D:5      | 3193 ||| (to cure confusion)
  3206 | D:5      | 3206 ||| FLEEEEING.
  3207 | D:5      | 3207 ||| FLEEEEING.
  3208 | D:5      | 3208 ||| FLEEEEING.
  3209 | D:5      | 3209 ||| FLEEEEING.
  3210 | D:5      | 3210 ||| FLEEEEING.
  3211 | D:5      | 3211 ||| FLEEEEING.
  3212 | D:5      | 3212 ||| FLEEEEING.
  3213 | D:5      | 3213 ||| FLEEEEING.
  3214 | D:5      | 3214 ||| FLEEEEING.
  3215 | D:5      | 3215 ||| FLEEEEING.
  3216 | D:5      | 3216 ||| FLEEEEING.
  3217 | D:5      | 3217 ||| FLEEEEING.
  3218 | D:5      | 3218 ||| FLEEEEING.
  3219 | D:5      | 3219 ||| FLEEEEING.
  3221 | D:5      | 3221 ||| STAIRDANCE
  3239 | D:5      | 3239 ||| STAIRDANCE
  3269 | D:5      | 3269 ||| FLEEEEING.
  3271 | D:5      | 3271 ||| STAIRDANCE
  3343 | D:5      | You fall into a shaft and drop 1 floor!
  3363 | D:6      | Reached skill level 11 in Ranged Weapons
  3397 | D:6      | Found Gugumoco's Antique Weapon Shoppe.
  3401 | D:6      | 3401 ||| READING 2 scrolls of identify.
  3401 | D:6      | 3401 ||| IDENTIFYING black potion
  3402 | D:6      | 3402 ||| DROPPING potion of ambrosia.
  3418 | D:6      | Reached XP level 8. HP: 34/44 MP: 7/10
  3524 | D:5      | Found a sand-covered staircase.
  3559 | D:5      | Noticed Dowan
  3560 | D:5      | Noticed Duvessa
  3567 | D:5      | Killed Duvessa
  3568 | D:5      | Reached skill level 12 in Ranged Weapons
  3569 | D:5      | Killed Dowan
  3574 | D:5      | Found a shadowy altar of Dithmenos.
  3642 | D:5      | Reached skill level 3 in Fighting
  3842 | D:5      | 3842 ||| RIP OSSUARY
  3895 | D:5      | 3895 ||| PLANNING D:1-11
  4046 | D:5      | Found an ornate altar of the Wu Jian Council.
  4048 | D:5      | 4048 ||| DRINKING 2 ruby potions.
  4089 | D:5      | 4089 ||| READING 2 scrolls of identify.
  4089 | D:5      | 4089 ||| IDENTIFYING green potion
  4090 | D:5      | 4090 ||| DROPPING potion of attraction.
  4091 | D:5      | 4091 ||| DROPPING potion of lignification.
  4203 | D:6      | Reached skill level 13 in Ranged Weapons
  4211 | D:6      | 4211 ||| FLEEEEING.
  4212 | D:6      | 4212 ||| FLEEEEING.
  4282 | D:6      | Found a staircase to the Ecumenical Temple.
  4283 | D:6      | 4283 ||| PLANNING TEMPLE
  4291 | Temple   | Entered the Ecumenical Temple
  4303 | Temple   | 4303 ||| PLANNING OKAWARU WORSHIP
  4402 | Temple   | Became a worshipper of Warmaster Okawaru
  4403 | Temple   | 4403 ||| PLANNING D:1-11
  4403 | Temple   | 4403 ||| REMOVING amulet of guardian spirit.
  4408 | Temple   | 4408 ||| UPGRADING to amulet of the acrobat.
  4413 | Temple   | 4413 ||| DROPPING amulet of guardian spirit.
  4495 | D:6      | 4495 ||| Stepping ~*~*~tactically~*~*~ (outnumbered).
  4631 | D:6      | Reached skill level 14 in Ranged Weapons
  4634 | D:6      | Reached * piety under Okawaru
  4635 | D:6      | Reached XP level 9. HP: 46/50 MP: 11/11
  4681 | D:6      | Reached skill level 1 in Invocations
  4815 | D:6      | 4815 ||| DROPPING ring of flight.
  4827 | D:7      | 4827 ||| STAIRDANCE
  5053 | D:7      | 5053 ||| INVOKING Heroism.
  5157 | D:7      | Reached skill level 3 in Invocations
  5237 | D:7      | Found a sacrificial altar of Ru.
  5342 | D:7      | Noticed Maggie
  5348 | D:7      | 5348 ||| INVOKING Heroism.
  5349 | D:7      | Killed Maggie
  5350 | D:7      | Reached skill level 15 in Ranged Weapons
  5898 | D:7      | 5898 ||| UPGRADING to +0 swamp dragon scales.
  5908 | D:7      | 5908 ||| DROPPING +0 ring mail.
  5976 | D:8      | 5976 ||| INVOKING Heroism.
  6011 | D:8      | Reached skill level 6 in Dodging
  6126 | D:8      | 6126 ||| INVOKING Heroism.
  6130 | D:8      | HP: 12/51 [killer bee (7)]
  6131 | D:8      | 6131 ||| DRINKING potion of heal wounds.
  6134 | D:8      | HP: 4/52 [killer bee (3)]
  6134 | D:8      | Slain by a killer bee

Levels and vault maps discovered:
D:1:      zelgadis_glass_arrival_small, layout_basic,
          ebering_ecumenical_altar_webs
D:2:      layout_basic, hex_large
D:3:      layout_loops_corners, grunt_temple_overflow_open,
          ebering_ghost_sewer_f, serial_shops, nicolae_shop_statue_plus,
          grunt_ministairs_12, nicolae_eternal_life
D:4:      layout_basic, mainiacjoe_overflow_brackets, minmay_quantized
D:5:      layout_loops_ring, mainiacjoe_overflow_alcove_4,
          nicolae_dithmenos_shadow_blocks,
          nicolae_ossuary_entry_false_entrances, uniq_duvessa
D:6:      layout_basic, temple_hall, nicolae_stop_n_shop_2
D:7:      layout_basic, nicolae_ru_awakened_eye, serial_rivers,
          chequers_serial_rivers_micro_d, chequers_serial_rivers_marsh,
          chequers_serial_rivers_small_b, chequers_serial_rivers_large_a,
          chequers_serial_rivers_small_a, uniq_maggie
D:8:      layout_basic, uniq_amaemon
Temple:   nicolae_temple_superstar

Skill      XL: |  1  2  3  4  5  6  7  8  9 |
---------------+----------------------------+-----
Ranged Weapons | 6 7 8 9 10 11 14 15 | 15.1
Fighting       | 2 3 |  3.6
Dodging        | 3 4 5 6 |  6.1
Armour         | 1 2 |  2.1
Invocations    | 4 |  4.3
Stealth        | |  1.2

Action                     |  1- 3 |  4- 6 |  7- 9 || total
---------------------------+-------+-------+-------++-------
   Fire: Shortbow          |   102 |    54 |       ||   156
         Longbow           |       |    47 |   181 ||   228
 Invoke: Heroism           |       |       |     4 ||     4
    Use: Scroll            |     6 |     3 |     5 ||    14
         Potion            |       |     1 |     3 ||     4
 Armour: Leather armour    |     2 |       |       ||     2
         Ring mail         |     8 |    14 |    20 ||    42
         Swamp dragon scal |       |       |    15 ||    15
  Dodge: Dodged            |    23 |    22 |    85 ||   130

Table legend:
 A = Non-vault XP
 B = Vault XP
 C = Vault XP percentage of total XP
 D = Non-vault monster count
 E = Vault monster count
 F = Vault count percentage of total count
                 A         B        C        D         E       F
            +---------+---------+-------+---------+---------+-------
      Total |    3944 |     812 |  17.1 |     149 |      10 |   6.3
            +---------+---------+-------+---------+---------+-------
        D:1 |      50 |       0 |   0.0 |      30 |       0 |   0.0
        D:2 |      24 |       0 |   0.0 |       9 |       0 |   0.0
        D:3 |     237 |      15 |   6.0 |      28 |       2 |   6.7
        D:4 |     279 |     194 |  41.0 |      19 |       5 |  20.8
        D:5 |     595 |     205 |  25.6 |      18 |       2 |  10.0
        D:6 |    1385 |       0 |   0.0 |      24 |       0 |   0.0
        D:7 |     930 |     398 |  30.0 |      15 |       1 |   6.2
        D:8 |     444 |       0 |   0.0 |       6 |       0 |   0.0
            +---------+---------+-------+---------+---------+-------
